TOP OF THE 1ST |
Key West Barracudas batting - Pitching for Memphis Blues : LHP Joe Barnes
|
Pitching: LHP Joe Barnes
|
|
Batting: SHB Luis Manuel López
|
0-0: Swinging Strike 0-1: Foul Ball, location: 2F 0-2: Strikes out looking
|
Batting: SHB Héctor Jiménez
|
0-0: Ball 1-0: Called Strike 1-1: Fly out, F9 (Flyball, 89S)
|
Batting: RHB Frederick Chamberlain
|
0-0: Called Strike 0-1: Foul Ball, location: 2F 0-2: Fly out, F7 (Flyball, 78S)
|
Top of the 1st over - 0 run(s), 0 hit(s), 0 error(s), 0 left on base; Key West 0 - Memphis 0 |
BOTTOM OF THE 1ST |
Memphis Blues batting - Pitching for Key West Barracudas : RHP Kade Coleman
|
Pitching: RHP Kade Coleman
|
|
Batting: SHB Terry Dailey
|
0-0: Fly out, F8 (Line Drive, 8LM)
|
Batting: RHB Lorenzo Mota
|
0-0: Called Strike 0-1: Ball 1-1: SINGLE (Line Drive, 4D)
|
Batting: RHB Peter Bishop
|
0-0: Called Strike Lorenzo Mota steals 2nd base 0-1: Ball 1-1: Ball 2-1: Fly out, F5 (Line Drive, 5)
|
Batting: RHB Jaime Spiridon
|
0-0: Foul Ball, location: 2F 0-1: Called Strike 0-2: Ball 1-2: Ball 2-2: Foul Ball, location: 2F 2-2: Foul Ball, location: 2F 2-2: Ball 3-2: Strikes out swinging
|
Bottom of the 1st over - 0 run(s), 1 hit(s), 0 error(s), 1 left on base; Key West 0 - Memphis 0 |
TOP OF THE 2ND |
Key West Barracudas batting - Pitching for Memphis Blues : LHP Joe Barnes
|
Batting: RHB Steve Gómez
|
0-0: Ball 1-0: Foul Ball, location: 2F 1-1: Foul Ball, location: 2F 1-2: Strikes out looking
|
Batting: RHB Ramón Díaz
|
0-0: Ball 1-0: Called Strike 1-1: Ball 2-1: Foul Ball, location: 2F 2-2: SOLO HOME RUN (Flyball, 78XD), Distance : 430 ft
|
Batting: RHB Anastasio Zartuche
|
0-0: Called Strike 0-1: Called Strike 0-2: Strikes out swinging
|
Batting: LHB Motoki Hirata
|
0-0: Ball 1-0: Foul Ball, location: 2F 1-1: Foul Ball, location: 2F 1-2: Strikes out swinging
|
Top of the 2nd over - 1 run(s), 1 hit(s), 0 error(s), 0 left on base; Key West 1 - Memphis 0 |
BOTTOM OF THE 2ND |
Memphis Blues batting - Pitching for Key West Barracudas : RHP Kade Coleman
|
Batting: LHB Phil Cantrell
|
0-0: SINGLE (Line Drive, 7S)
|
Batting: RHB Emílio Bruno
|
0-0: Called Strike 0-1: Ball 1-1: Fielders Choice at 2nd, 4-6 (Groundball, 4)
|
Batting: LHB Brenton Carter
|
0-0: Called Strike 0-1: Ground out 6-3 (Groundball, 6S) Emílio Bruno to second
|
Batting: RHB Roberto Gómez
|
0-0: Called Strike 0-1: Called Strike 0-2: Ball 1-2: Ball 2-2: Foul Ball, location: 2F 2-2: TRIPLE (Flyball, 8LXD) Emílio Bruno scores
|
Batting: RHB Ángel Hernández
|
0-0: Called Strike 0-1: Fly out, F9 (Flyball, 89M)
|
Bottom of the 2nd over - 1 run(s), 2 hit(s), 0 error(s), 1 left on base; Key West 1 - Memphis 1 |
TOP OF THE 3RD |
Key West Barracudas batting - Pitching for Memphis Blues : LHP Joe Barnes
|
Batting: LHB Mauro Díaz
|
0-0: Ball 1-0: Fly out, F4 (Popup, 34D)
|
Batting: RHB Júlio Cruz
|
0-0: Ball 1-0: Foul Ball, location: 2F 1-1: Foul Ball, location: 2F 1-2: Ball 2-2: Strikes out looking
|
Batting: SHB Luis Manuel López
|
0-0: Ball 1-0: Swinging Strike 1-1: Ground out 6-3 (Groundball, 6)
|
Top of the 3rd over - 0 run(s), 0 hit(s), 0 error(s), 0 left on base; Key West 1 - Memphis 1 |
BOTTOM OF THE 3RD |
Memphis Blues batting - Pitching for Key West Barracudas : RHP Kade Coleman
|
Batting: SHB Terry Dailey
|
0-0: Foul Ball, location: 2F 0-1: Fly out, F4 (Line Drive, 4)
|
Batting: RHB Lorenzo Mota
|
0-0: Called Strike 0-1: Called Strike 0-2: Strikes out looking
|
Batting: RHB Peter Bishop
|
0-0: Ball 1-0: Foul Ball, location: 2F 1-1: Foul Ball, location: 2F 1-2: Foul Ball, location: 2F 1-2: Ball 2-2: SINGLE (Groundball, 56D)
|
Batting: RHB Jaime Spiridon
|
0-0: Swinging Strike 0-1: Foul Ball, location: 2F 0-2: Ball 1-2: Ball Peter Bishop steals 2nd base 2-2: Foul Ball, location: 2F 2-2: Foul Ball, location: 2F 2-2: Ball 3-2: Ground out 6-3 (Groundball, 6)
|
Bottom of the 3rd over - 0 run(s), 1 hit(s), 0 error(s), 1 left on base; Key West 1 - Memphis 1 |
TOP OF THE 4TH |
Key West Barracudas batting - Pitching for Memphis Blues : LHP Joe Barnes
|
Batting: SHB Héctor Jiménez
|
0-0: Ball 1-0: Foul Ball, location: 2F 1-1: Ground out 5-3 (Groundball, 5L)
|
Batting: RHB Frederick Chamberlain
|
0-0: Called Strike 0-1: Ball 1-1: Ball 2-1: Ground out 6-3 (Groundball, 6)
|
Batting: RHB Steve Gómez
|
0-0: Ball 1-0: Called Strike 1-1: Foul Ball, location: 2F 1-2: Strikes out swinging
|
Top of the 4th over - 0 run(s), 0 hit(s), 0 error(s), 0 left on base; Key West 1 - Memphis 1 |
BOTTOM OF THE 4TH |
Memphis Blues batting - Pitching for Key West Barracudas : RHP Kade Coleman
|
Batting: LHB Phil Cantrell
|
0-0: Ball 1-0: Ball 2-0: Ball 3-0: Base on Balls
|
Batting: RHB Emílio Bruno
|
0-0: Ball 1-0: Ball 2-0: Ball 3-0: Called Strike 3-1: Fielders Choice at 2nd, 4-6 (Groundball, 4)
|
Batting: LHB Brenton Carter
|
0-0: Ball 1-0: Called Strike 1-1: Ball 2-1: Ground out U3 (Groundball, 3) Emílio Bruno to second
|
Batting: RHB Roberto Gómez
|
0-0: Ball 1-0: Ball 2-0: Ball 3-0: Called Strike 3-1: Base on Balls
|
Batting: RHB Ángel Hernández
|
0-0: Swinging Strike 0-1: Foul Ball, location: 2F 0-2: Strikes out looking
|
Bottom of the 4th over - 0 run(s), 0 hit(s), 0 error(s), 2 left on base; Key West 1 - Memphis 1 |
TOP OF THE 5TH |
Key West Barracudas batting - Pitching for Memphis Blues : LHP Joe Barnes
|
Batting: RHB Ramón Díaz
|
0-0: Ball 1-0: Ball 2-0: Called Strike 2-1: Ball 3-1: Foul Ball, location: 2F 3-2: Base on Balls
|
Batting: RHB Anastasio Zartuche
|
0-0: Ball 1-0: Ball 2-0: Called Strike 2-1: Called Strike 2-2: Ball 3-2: Fly out, F5 (Line Drive, 5L)
|
Batting: LHB Motoki Hirata
|
0-0: Ball 1-0: Ball 2-0: Fly out, F8 (Line Drive, 8LD)
|
Batting: LHB Mauro Díaz
|
0-0: Called Strike 0-1: Fly out, F8 (Line Drive, 78M)
|
Top of the 5th over - 0 run(s), 0 hit(s), 0 error(s), 1 left on base; Key West 1 - Memphis 1 |
BOTTOM OF THE 5TH |
Memphis Blues batting - Pitching for Key West Barracudas : RHP Kade Coleman
|
Batting: SHB Terry Dailey
|
0-0: Ball 1-0: Ball 2-0: Ball 3-0: Base on Balls
|
Batting: RHB Lorenzo Mota
|
0-0: Ball 1-0: Foul Ball, location: 2F 1-1: Foul Ball, location: 2F 1-2: Foul Ball, location: 2F 1-2: DOUBLE (Line Drive, 7LM) Terry Dailey to third Runner from 3rd tries for Home, SAFE, no throw
|
Batting: RHB Peter Bishop
|
0-0: Ball 1-0: Ball 2-0: Ball 3-0: Called Strike 3-1: Foul Ball, location: 2F 3-2: SINGLE (Groundball, 25) (infield hit) Lorenzo Mota to third
|
Batting: RHB Jaime Spiridon
|
0-0: Called Strike 0-1: Foul Ball, location: 2F 0-2: Foul Ball, location: 2F 0-2: Fly out, F9 (Flyball, 89S)
|
Batting: LHB Phil Cantrell
|
0-0: Ball 1-0: Ball Peter Bishop steals 2nd base 2-0: Called Strike 2-1: Foul Ball, location: 2F 2-2: Ball 3-2: Base on Balls
|
Pitching: RHP Sean Flynn
|
|
Batting: RHB Emílio Bruno
|
0-0: Ball 1-0: Swinging Strike 1-1: Ball 2-1: Fly out, F8 (Flyball, 8RM) Runner from 3rd tags up, SCORES, no throw
|
Batting: LHB Brenton Carter
|
0-0: Ball
|
|
|
|
1-0: Called Strike 1-1: Ball 2-1: Fly out, F7 (Line Drive, 7D)
|
Bottom of the 5th over - 2 run(s), 2 hit(s), 0 error(s), 2 left on base; Key West 1 - Memphis 3 |
TOP OF THE 6TH |
Key West Barracudas batting - Pitching for Memphis Blues : LHP Joe Barnes
|
Batting: RHB Júlio Cruz
|
0-0: Ball 1-0: Fly out, F7 (Flyball, 78S)
|
Batting: SHB Luis Manuel López
|
0-0: Ball 1-0: Foul Ball, location: 2F 1-1: Swinging Strike 1-2: Ball 2-2: Ground out 1-3 (Groundball, 15S)
|
Batting: SHB Héctor Jiménez
|
0-0: Called Strike 0-1: Ball 1-1: Called Strike 1-2: Ball 2-2: Fly out, F7 (Flyball, 78D)
|
Top of the 6th over - 0 run(s), 0 hit(s), 0 error(s), 0 left on base; Key West 1 - Memphis 3 |
BOTTOM OF THE 6TH |
Memphis Blues batting - Pitching for Key West Barracudas : RHP Sean Flynn
|
Batting: RHB Roberto Gómez
|
0-0: Foul Ball, location: 2F 0-1: Ball 1-1: Ball 2-1: Foul Ball, location: 2F 2-2: Ball 3-2: SINGLE (Groundball, 34D)
|
Batting: RHB Ángel Hernández
|
0-0: Ball Roberto Gómez steals 2nd base 1-0: Foul Ball, location: 2F 1-1: DOUBLE (Line Drive, 8RD) Roberto Gómez scores
|
Batting: SHB Terry Dailey
|
0-0: Foul Ball, location: 2F 0-1: Foul Ball, location: 2F 0-2: Ball 1-2: Strikes out swinging
|
Batting: RHB Lorenzo Mota
|
0-0: DOUBLE (Line Drive, 7LM) Ángel Hernández scores
|
Batting: RHB Peter Bishop
|
0-0: Ball 1-0: Ball 2-0: Called Strike 2-1: Swinging Strike 2-2: Ball 3-2: Ground out 4-3 (Groundball, 4) Lorenzo Mota to third
|
Batting: RHB Jaime Spiridon
|
0-0: Ball 1-0: Ball 2-0: Ball 3-0: Called Strike 3-1: Base on Balls
|
Pitching: RHP Gabe Lewis
|
|
Batting: LHB Phil Cantrell
|
0-0: Ball 1-0: Ball 2-0: Ball 3-0: Called Strike 3-1: Base on Balls Jaime Spiridon to second
|
Batting: RHB Emílio Bruno
|
0-0: Called Strike 0-1: Foul Ball, location: 2F 0-2: Ball 1-2: Foul Ball, location: 2F 1-2: Ball 2-2: Ball 3-2: Base on Balls Lorenzo Mota scores Jaime Spiridon to third Phil Cantrell to second
|
Batting: LHB Brenton Carter
|
0-0: Ball 1-0: Ball 2-0: Foul Ball, location: 2F 2-1: SINGLE (Groundball, 56D) Jaime Spiridon scores Phil Cantrell to third Emílio Bruno to second Runner from 3rd tries for Home, SAFE, no throw
|
Batting: RHB Roberto Gómez
|
0-0: Called Strike 0-1: Foul Ball, location: 2F 0-2: Ball 1-2: Ball Wild Pitch! Emílio Bruno to third Brenton Carter to second 2-2: Ball 3-2: Reached on error, E6 (Groundball, 6) Emílio Bruno scores Brenton Carter to third
|
Batting: RHB Ángel Hernández
|
0-0: SINGLE (Groundball, 4MD) Brenton Carter scores Roberto Gómez to second Runner from 2nd tries for 3rd, SAFE, throw made to third
|
Batting: SHB Terry Dailey
|
0-0: Called Strike 0-1: Ball 1-1: Foul Ball, location: 2F 1-2: Foul Ball, location: 2F 1-2: Strikes out swinging
|
Bottom of the 6th over - 7 run(s), 5 hit(s), 1 error(s), 2 left on base; Key West 1 - Memphis 10 |
TOP OF THE 7TH |
Key West Barracudas batting - Pitching for Memphis Blues : LHP Joe Barnes
|
Pitching: RHP Germán Santos
|
|
Batting: RHB Frederick Chamberlain
|
0-0: Foul Ball, location: 2F 0-1: Ball 1-1: Ball 2-1: Foul Ball, location: 2F 2-2: TRIPLE (Line Drive, 9LM)
|
Batting: RHB Steve Gómez
|
0-0: Ball 1-0: Ball 2-0: Ball 3-0: Base on Balls
|
Batting: RHB Ramón Díaz
|
0-0: DOUBLE (Groundball, 5L) Frederick Chamberlain scores Steve Gómez to third
|
Batting: RHB Anastasio Zartuche
|
0-0: Swinging Strike 0-1: DOUBLE (Line Drive, 78D) Steve Gómez scores Ramón Díaz scores
|
Batting: LHB Motoki Hirata
|
0-0: Ball 1-0: Fly out, F3 (Popup, 3D)
|
Batting: LHB Mauro Díaz
|
0-0: SINGLE (Line Drive, 9S) Anastasio Zartuche to third
|
Batting: RHB Júlio Cruz
|
0-0: DOUBLE (Line Drive, 8LD) Anastasio Zartuche scores Mauro Díaz to third
|
Pitching: RHP Pedro Orozco
|
|
Batting: SHB Luis Manuel López
|
0-0: Called Strike 0-1: Ball 1-1: SINGLE (Groundball, 4D) Mauro Díaz scores Júlio Cruz to third Runner from 3rd tries for Home, SAFE, no throw
|
Batting: SHB Héctor Jiménez
|
0-0: Ball 1-0: Swinging Strike 1-1: Ball 2-1: Ball 3-1: Swinging Strike 3-2: Strikes out swinging Luis Manuel López is caught stealing 2nd base Batter strikes out.
|
Top of the 7th over - 6 run(s), 6 hit(s), 0 error(s), 0 left on base; Key West 7 - Memphis 10 |
BOTTOM OF THE 7TH |
Memphis Blues batting - Pitching for Key West Barracudas : RHP Gabe Lewis
|
Pitching: RHP Dennis Grange
|
|
Batting: RHB Lorenzo Mota
|
0-0: Ball 1-0: Ball 2-0: Called Strike 2-1: Foul Ball, location: 2F 2-2: SINGLE (Groundball, 4MD)
|
Batting: RHB Peter Bishop
|
0-0: Ball 1-0: SINGLE (Groundball, 34) (infield hit) Lorenzo Mota to second
|
Batting: RHB Jaime Spiridon
|
0-0: Foul Ball, location: 2F 0-1: Ball 1-1: Foul Ball, location: 2F 1-2: Ball 2-2: Ball 3-2: Foul Ball, location: 2F 3-2: Fielders Choice at 2nd, 6-4 (Groundball, 6) Lorenzo Mota to third
|
Batting: LHB Phil Cantrell
|
0-0: Ball 1-0: Foul Ball, location: 2F 1-1: Foul Ball, location: 2F 1-2: Foul Ball, location: 2F 1-2: SINGLE (Groundball, 6D) Lorenzo Mota scores Jaime Spiridon to second
|
Batting: RHB Emílio Bruno
|
0-0: SINGLE (Groundball, 23) (infield hit) Jaime Spiridon to third Phil Cantrell to second
|
Batting: LHB Brenton Carter
|
0-0: Called Strike 0-1: Swinging Strike 0-2: Strikes out looking
|
Batting: RHB Roberto Gómez
|
0-0: Ball 1-0: Foul Ball, location: 2F 1-1: Ball 2-1: Foul Ball, location: 2F 2-2: Ball 3-2: Foul Ball, location: 2F 3-2: Fly out, F7 (Line Drive, 7D)
|
Bottom of the 7th over - 1 run(s), 4 hit(s), 0 error(s), 3 left on base; Key West 7 - Memphis 11 |
TOP OF THE 8TH |
Key West Barracudas batting - Pitching for Memphis Blues : RHP Pedro Orozco
|
Batting: RHB Frederick Chamberlain
|
0-0: Ball 1-0: Foul Ball, location: 2F 1-1: Swinging Strike 1-2: Ground out 6-3 (Groundball, 4M)
|
Batting: RHB Steve Gómez
|
0-0: Ball 1-0: Fly out, F9 (Flyball, 89D)
|
Batting: RHB Ramón Díaz
|
0-0: Called Strike 0-1: Ball 1-1: Ball 2-1: Ball 3-1: Fly out, F6 (Line Drive, 6)
|
Top of the 8th over - 0 run(s), 0 hit(s), 0 error(s), 0 left on base; Key West 7 - Memphis 11 |
BOTTOM OF THE 8TH |
Memphis Blues batting - Pitching for Key West Barracudas : RHP Dennis Grange
|
Batting: RHB Ángel Hernández
|
0-0: Ball 1-0: Foul Ball, location: 2F 1-1: Foul Ball, location: 2F 1-2: Strikes out swinging
|
Batting: SHB Terry Dailey
|
0-0: Called Strike 0-1: Called Strike 0-2: Foul Ball, location: 2F 0-2: Ball 1-2: Foul Ball, location: 2F 1-2: Foul Ball, location: 2F 1-2: Foul Ball, location: 2F 1-2: Ball 2-2: Ground out 1-3 (Groundball, 13)
|
Batting: RHB Lorenzo Mota
|
0-0: Called Strike 0-1: SINGLE (Groundball, 56D)
|
Batting: RHB Peter Bishop
|
0-0: Ball 1-0: Ball 2-0: Ball 3-0: Called Strike 3-1: Foul Ball, location: 2F 3-2: Foul Ball, location: 2F 3-2: Base on Balls Lorenzo Mota to second
|
Pitching: RHP Sean Martínez
|
|
Batting: RHB Jaime Spiridon
|
0-0: Ball 1-0: Ball 2-0: Called Strike 2-1: Foul Ball, location: 2F 2-2: Strikes out swinging
|
Bottom of the 8th over - 0 run(s), 1 hit(s), 0 error(s), 2 left on base; Key West 7 - Memphis 11 |
TOP OF THE 9TH |
Key West Barracudas batting - Pitching for Memphis Blues : RHP Pedro Orozco
|
Pitching: RHP Tommy Waters
|
|
Batting: RHB Anastasio Zartuche
|
0-0: Ball 1-0: Called Strike 1-1: Ball 2-1: Ground out 6-3 (Groundball, 6)
|
Batting: LHB Motoki Hirata
|
0-0: Ground out 1-3 (Groundball, 13)
|
Batting: LHB Mauro Díaz
|
0-0: Called Strike 0-1: Foul Ball, location: 2F 0-2: Ball 1-2: Ball 2-2: Ball 3-2: Base on Balls
|
Batting: RHB Júlio Cruz
|
0-0: Ball 1-0: Swinging Strike 1-1: Called Strike 1-2: Strikes out swinging
|
Top of the 9th over - 0 run(s), 0 hit(s), 0 error(s), 1 left on base; Key West 7 - Memphis 11 |
|
Tuesday, August 8th, 2017 - OOTP Baseball 17.12 Build 75
|
|